AoeStats
← DS_Kvothe

Arena

508322983Analyzed
1v1 RM · 11d ago on Sep 21, 2026· 48m 27s· 2 players
Game mode
Random Map
Map size
Tiny (2 player)
Population
200
Speed
Normal
Resources
Standard
Victory
Conquest
Starting age
Dark Age
Ending age
Imperial Age
RankedLock teamsTeams togetherTeam positionsShared explorationLock speedFull tech treeHidden civsTurbo modeCheats
Victory
Defeat
🇦🇷 Spanish · Argentina
1897
+12
🇬🇧 Japanese · United Kingdom
1818
-12
Light
10:07 Feudal Age
14:36 Castle Age
12:56 Double-Bit Axe
13:46 Horse Collar
15:42 Bow Saw
15:19 Light Cavalry
22:55 Heavy Plow
23:57 Wheelbarrow
29:01 Imperial Age
27:31 Fletching
28:32 Ballistics
28:08 Gold Mining
28:14 Bodkin Arrow
28:35 Loom
30:52 Chemistry
29:34 Pikeman
30:41 Conscription
30:46 Hand Cart
30:17 Town Watch
30:40 Halberdier
31:22 Scale Mail Armor
36:34 Kataparuto
36:36 Masonry
36:51 Chain Mail Armor
36:36 Bracer
38:42 Squires
38:28 Arson
39:15 Plate Mail Armor
38:50 Scale Barding Armor
38:46 Padded Archer Armor
38:56 Forging
39:40 Heavy Scorpion
41:16 Siege Engineers
43:34 Capped Ram
DS_Kvothe
11:13 Feudal Age
11:53 Double-Bit Axe
14:31 Castle Age
12:29 Double-Bit Axe
12:55 Horse Collar
14:45 Light Cavalry
16:41 Husbandry
21:08 Herbal Medicine
21:51 Bow Saw
22:40 Herbal Medicine
22:57 Heavy Plow
24:47 Wheelbarrow
23:59 Town Watch
25:17 Gold Mining
29:01 Imperial Age
26:46 Stone Mining
27:09 Scale Barding Armor
27:14 Forging
27:48 Hand Cart
27:19 Loom
27:52 Bloodlines
28:29 Chain Barding Armor
29:36 Iron Casting
30:28 Plate Barding Armor
29:31 Hussar
29:31 Cavalier
31:39 Conscription
30:57 Pikeman
31:37 Squires
32:51 Ballistics
33:31 Chemistry
32:45 Masonry
36:05 Hoardings
35:45 Fletching
35:56 Padded Archer Armor
35:32 Elite Skirmisher
35:52 Paladin
36:29 Bodkin Arrow
37:52 Bracer
38:08 Leather Archer Armor
41:12 Ring Archer Armor
41:50 Thumb Ring
Connection lost

Rejoining the realm…

Still unreachable

The connection could not be restored.

Session expired

The server has moved on; the page needs a fresh start.